 Dungeon Crawl Stone Soup version 0.29-a0-802-g34511f41fd (webtiles) character file.

Game seed: 352447136914776939

52 LynnLen the Digger (level 4, -4/31 HPs)
             Began as a Formicid Earth Elementalist on July 4, 2022.
             Slain by a gnoll
             ... wielding a +0 flail
              (5 damage)
             ... on level 3 of the Dungeon.
             The game lasted 00:09:40 (2148 turns).

LynnLen the Digger (Formicid Earth Elementalist)    Turns: 2148, Time: 00:09:41

Health: -4/31      AC:  2    Str: 12    XL:     4   Next: 8%
Magic:  8/8        EV: 12    Int: 17    God:
Gold:   99         SH:  0    Dex: 14    Spells: 6/8 levels left

rFire   . . .      SeeInvis +   f - +0 whip
rCold   . . .      Faith    .   (no shield)
rNeg    . . .      Spirit   .   a - +0 robe
rPois   .          Reflect  .   (helmet unavailable)
rElec   .          Harm     .   (no cloak)
rCorr   .          Rampage  .   (no gloves)
Will    .....                   (no boots)
Stlth   ++........              e - amulet of magic regeneration
HPRegen 0.10/turn               (no ring)
MPRegen 0.51/turn               (no ring)

@: no status effects
A: permanent stasis, dig shafts and tunnels, antennae 3, four strong arms
a: Dig, Shaft Self


You were on level 3 of the Dungeon.
You visited 1 branch of the dungeon, and saw 3 of its levels.

You collected 99 gold pieces.

Inventory:

Hand Weapons
 d - a +0 short sword
 f - a +0 whip (weapon)
Missiles
 c - a throwing net
Armour
 a - a +0 robe (worn)
Jewellery
 e - an amulet of magic regeneration (around neck)
Scrolls
 g - a scroll of fear {unknown}
 h - a scroll of enchant armour
 i - a scroll of noise {unknown}
 k - a scroll of amnesia {unknown}
Potions
 b - a potion of magic
 j - a potion of brilliance {unknown}


   Skills:
 + Level 0.3 Fighting
 * Level 2.2 Armour
 + Level 2.0 Dodging
 + Level 2.5 Stealth
 + Level 2.7 Spellcasting
 * Level 1.1 Transmutations
 + Level 4.1 Earth Magic


You had 6 spell levels left.
You knew the following spells:

 Your Spells              Type           Power      Damage    Failure   Level
a - Sandblast             Erth           32%        2d9       3%          1
b - Magic Dart            Conj           8%         1d3       19%         1

Your spell library contained the following spells:

 Spells                   Type           Power      Damage    Failure   Level
 Passwall                 Tmut/Erth      9%         N/A       10%         2
 Stone Arrow              Conj/Erth      18%        3d8       24%         3
 Searing Ray              Conj           4%         2d4       26%         2
 Confusing Touch          Hex            2%         N/A       47%         3
 Ozocubu's Armour         Ice            2%         N/A       47%         3
 Petrify                  Tmut/Erth      11%        N/A       52%         4
 Fulminant Prism          Conj/Hex       1%         3d6       87%         4
 Yara's Violent Unravell  Hex/Tmut       2%         3d3       98%         5
 Enfeeble                 Hex            1%         N/A       100%        7
 Ozocubu's Refrigeration  Ice            1%         4d5       100%        7


Dungeon Overview and Level Annotations

Branches:
Dungeon (3/15)

Altars:

Shops:
D:1 [


Innate Abilities, Weirdness & Mutations

You cannot be hasted, slowed, berserked, paralysed or teleported.
You can dig through walls and to a lower floor.
You have a pair of large antennae on your head. (SInv)
Your four strong arms can wield two-handed weapons with a shield.


Message History

You see here a +0 club.
A gnoll comes into view. It is wielding a +0 flail.
A gnoll comes into view. It is wielding a +0 spear.
Found a chain mail and 6 gold pieces.
The gnoll shouts!
A gnoll comes into view. It is wielding a +0 flail.
A frilled lizard comes into view.
A jackal comes into view. x2
A rat comes into view.
The gnoll shouts!
The jackal barks!
The frilled lizard hisses angrily.
The gnoll barely misses you.
The gnoll hits you from afar with a +0 spear.
The jackal closely misses you. The jackal attacks as you move away!
The jackal misses you.
The jackal barks!
The gnoll hits you with a +0 flail!
* * * LOW HITPOINT WARNING * * *
A jackal comes into view.
The jackal bites you.
* * * LOW HITPOINT WARNING * * *
There is a stone staircase leading down here.
The jackal barks!
The gnoll hits you but does no damage. The gnoll closely misses you.
The jackal closely misses you.
You climb downwards.
Found a faded altar of an unknown god.
There is a stone staircase leading up here.
Unknown command.
Casting: Sandblast (safe; 3% risk of failure)
Confirm with . or Enter, or press ? or * to list all spells.
Aiming: Sandblast (safe; 3% risk of failure)
Press: ? - help, Shift-Dir - straight line, f - gnoll
Aim: a gnoll, wielding a +0 flail (82% to hit)
The blast of sand hits the gnoll!
The gnoll is heavily wounded.
The jackal bites you.
* * * LOW HITPOINT WARNING * * *
The gnoll hits you with a +0 flail.
You die...

# .{ .#
...#######..#
#..≈...g.≈..#
#h.≈._.@.≈..#
#.h≈...h.≈..#
##.#######.##
#


You could see a gnoll and 3 jackals.

Vanquished Creatures
  A gnoll (D:1)
  2 dart slugs (D:2)
  4 endoplasms (D:1)
  A giant cockroach (D:1)
  2 hobgoblins (D:1)
  4 jackals (D:2)
  5 kobolds
  4 ball pythons
  3 bats
  3 frilled lizards (D:2)
  3 goblins
  4 rats
36 creatures vanquished.

Notes
Turn   | Place    | Note
-------+----------+-------------------------------------------
     0 | D:1      | LynnLen the Formicid Earth Elementalist began the quest for
                  | the Orb.
     0 | D:1      | Reached XP level 1. HP: 13/13 MP: 3/3
   310 | D:1      | Reached XP level 2. HP: 15/19 MP: 5/5
   795 | D:1      | Found Xockehe's Armour Shop.
  1100 | D:1      | Reached skill level 1 in Armour
  1100 | D:1      | Reached XP level 3. HP: 20/24 MP: 6/6
  1589 | D:2      | Reached skill level 4 in Earth Magic
  1832 | D:2      | Learned a level 1 spell: Magic Dart
  2047 | D:2      | Reached XP level 4. HP: 6/31 MP: 8/8
  2147 | D:3      | Found a faded altar of an unknown god.
  2148 | D:3      | HP: 1/31 [jackal (1)]
  2148 | D:3      | Slain by a gnoll

Illustrated notes

Levels and vault maps discovered:
D:1:      dpeg_arrival_simpleton_c, layout_loops_ring, serial_shops, shop_statue
D:2:      layout_rooms, basic_altar, st_stairs_1, ebering_dispersal_statue_hall
D:3:      layout_basic, nicolae_ecumenical_oubliette, serial_shops,
          nicolae_shop_waterfront, st_stairs_1, uniq_jessica

Skill      XL: |  1  2  3 |
---------------+----------+-----
Armour         | 1 2 |  2.2
Earth Magic    | 4 |  4.1
Dodging        | 2 |  2.0
Fighting       | |  0.3
Stealth        | |  2.5
Spellcasting   | |  2.7
Transmutations | |  1.1

Action                   |  1- 3 |  4- 6 || total
-------------------------+-------+-------++-------
Melee: Short sword       |     8 |       ||     8
       Whip              |    48 |       ||    48
 Cast: Sandblast         |    20 |     4 ||    24
       Magic Dart        |     6 |     2 ||     8
 Abil: Dig               |     1 |       ||     1
  Use: Scroll            |     1 |       ||     1
 Stab: Sleeping          |     2 |       ||     2
Armor: Robe              |    17 |     1 ||    18
Dodge: Dodged            |    65 |     6 ||    71

Table legend: (Time is in decaauts)
 A = Elapsed time spent in this place.
 B = Non-inter-level travel time spent in this place.
 C = Inter-level travel time spent in this place.
 D = Time resting spent in this place.
 E = Time spent auto-exploring this place.
 F = Levels seen in this place.
 G = Mean time per level.
                   A        B        C        D        E       F      G
               +--------+--------+--------+--------+--------+-----+--------+
         Total |   2176 |   2176 |      0 |    659 |    692 |   3 |  725.3 |
       Dungeon |   2176 |   2176 |      0 |    659 |    692 |   3 |  725.3 |
               +--------+--------+--------+--------+--------+-----+--------+

Top non-repeatable levels by time:
     D:1: 1537 daAuts
     D:2: 637 daAuts
     D:3: 0 daAuts
